 Dungeon Crawl Stone Soup version 0.21.1-1-g345015f (webtiles) character file.

2 Monsterracer the Vexing (level 1, 0/12 HPs)
             Began as a Gargoyle Arcane Marksman on Apr 16, 2018.
             Slain by a gnoll
             ... wielding a +0 spear
              (7 damage)
             ... on level 1 of the Dungeon.
             The game lasted 00:00:32 (239 turns).

Monsterracer the Vexing (Gargoyle Arcane Marksman)   Turns: 239, Time: 00:00:33

Health: 0/12       AC:  4    Str: 13    XL:     1   Next: 40%
Magic:  1/2        EV: 12    Int: 13    God:
Gold:   0          SH:  0    Dex: 10    Spells: 1/2 levels left

rFire    . . .     SeeInvis .   (no weapon)
rCold    . . .     Gourm    .   (no shield)
rNeg     + . .     Faith    .   a - +0 robe
rPois    ∞         Spirit   .   (no helmet)
rElec    +         Reflect  .   (no cloak)
rCorr    .         Harm     .   (no gloves)
MR       .....                  (no boots)
Stlth    +.........             (no amulet)
HPRegen  0.04/turn              (no ring)
MPRegen  0.08/turn              (no ring)

@: no status effects
A: negative energy resistance 1, electricity resistance, unbreathing,
petrification resistance, rot immunity, AC +2
a: no special abilities


You were on level 1 of the Dungeon.
You were not hungry.

You visited 1 branch of the dungeon, and saw 1 of its levels.

Inventory:

Missiles
 d - 2 throwing nets (quivered)
Armour
 a - a +0 robe (worn)
Potions
 e - 2 potions of cancellation {unknown}
Comestibles
 c - a ration


   Skills:
 + Level 1.5 Fighting
 - Level 1.7 Throwing
 - Level 1.5 Dodging
 - Level 1.0 Spellcasting
 - Level 2.6 Hexes


You had one spell level left.
You knew the following spells:

 Your Spells              Type           Power        Failure   Level  Hunger
a - Corona                Hex            #......      10%         1    ##.....


Dungeon Overview and Level Annotations

Branches:
Dungeon (1/15)

Altars:


Innate Abilities, Weirdness & Mutations

You are resistant to torment.
Your stone body is resilient. (AC +2)
You are immune to poison.
You resist negative energy. (rN+)
You are resistant to electric shocks. (rElec)
You can survive without breathing.
You are immune to petrification.
You are immune to rotting.


Message History

The bat misses you.
You barely miss the bat.
The bat is heavily wounded.
The bat barely misses you. The bat closely misses you.
The bat hits you but does no damage.
You barely miss the bat.
The bat is heavily wounded.
The bat barely misses you.
You barely miss the bat.
The bat is heavily wounded.
The bat misses you. The bat barely misses you.
You barely miss the bat.
The bat is moderately wounded.
The bat barely misses you.
You miss the bat.
The bat is moderately wounded.
The bat closely misses you.
You closely miss the bat.
The bat is moderately wounded.
The bat barely misses you.
You closely miss the bat.
The bat is moderately wounded.
The bat hits you but does no damage.
You hit the bat.
The bat is severely wounded.
The bat closely misses you. The bat completely misses you.
You hit the bat.
You kill the bat!
You hit the goblin but do no damage. The goblin closely misses you.
You barely miss the goblin. The goblin closely misses you.
You hit the goblin.
The goblin is severely wounded.
The goblin hits you.
You take 2 damage, and have 7/12 hp.
You barely miss the goblin.
The goblin is severely wounded.
The goblin hits you.
* * * LOW HITPOINT WARNING * * *
You take 1 damage, and have 6/12 hp.
You closely miss the goblin.
The goblin is severely wounded.
The goblin hits you but does no damage.
You hit the goblin.
You kill the goblin!
You see here a goblin corpse.
You see here a book of Debilitation.
HP restored.
A gnoll comes into view. It is wielding a spear.
Found a scroll labeled VOSOPL RYMOIDU.
Health restored: 12 A gnoll is nearby!
A gnoll is nearby!
Throwing (i - inventory. (,) - cycle):
d - 2 throwing nets (quivered)
Press: ? - help, Shift-Dir - straight line, f - gnoll
Aim: a gnoll, wielding a spear (resting)
Okay, then.
Fire/throw which item? (* to show all) (? for menu, Esc to quit)
Press: ? - help, Shift-Dir - straight line, f - gnoll
Aim: a gnoll, wielding a spear (resting)
You throw a javelin.
The javelin hits the gnoll but does no damage.
The gnoll shouts!
Fire/throw which item? (* to show all) (? for menu, Esc to quit)
Press: ? - help, Shift-Dir - straight line, f/p - gnoll
Aim: a gnoll, wielding a spear You throw a javelin.
The javelin barely misses the gnoll.
Fire/throw which item? (* to show all) (? for menu, Esc to quit)
Press: ? - help, Shift-Dir - straight line, f/p - gnoll
Aim: a gnoll, wielding a spear You throw a javelin.
The javelin hits the gnoll.
The gnoll is lightly wounded.
The gnoll hits you from afar with a spear.
You take 1 damage, and have 11/12 hp.
Casting: Corona
Confirm with . or Enter, or press ? or * to list all spells.
Aiming: Corona
Press: ? - help, Shift-Dir - straight line, f/p - gnoll
Aim: a gnoll, wielding a spear (lightly wounded, chance to defeat MR: 50%)
The gnoll is outlined in light.
The gnoll barely misses you.
You now have 1/2 mp.
Fire/throw which item? (* to show all) (? for menu, Esc to quit)
Press: ? - help, Shift-Dir - straight line, f/p - gnoll
Aim: a gnoll, wielding a spear (lightly wounded, softly glowing)
You throw a javelin. The javelin hits the gnoll!
The gnoll is heavily wounded.
The gnoll hits you from afar with a spear. x2
You take 4 damage, and have 7/12 hp.
MASSIVE DAMAGE!!
Fire/throw which item? (* to show all) (? for menu, Esc to quit)
Press: ? - help, Shift-Dir - straight line, f/p - gnoll
Aim: a gnoll, wielding a spear (heavily wounded, softly glowing)
You throw a javelin.
The javelin hits the gnoll but does no damage.
The gnoll is heavily wounded.
The gnoll hits you but does no damage. The gnoll closely misses you.
You hit the gnoll.
The gnoll is severely wounded.
The gnoll hits you with a spear!
Ouch! That really hurt!
You die...

# ..#.#
...####.#.####
........#....#
......†...#..###.###
########:##.........
#†###.###.## #.#
#.### #.# #...# #.#
###@# #####.# #g#
#.....# #(# #.#####
#.# #.# #(# #.# ###
#.# #.####<####.#
#.##.#.#.##.#
##.#♣.....♣#


You could see a gnoll.

Vanquished Creatures
  A bat (D:1)
  A goblin (D:1)
  A rat (D:1)
3 creatures vanquished.

Notes
Turn   | Place    | Note
-------+----------+-------------------------------------------
     0 | D:1      | Monsterracer the Gargoyle Arcane Marksman began the quest for the Orb.
     0 | D:1      | Reached XP level 1. HP: 12/12 MP: 2/2
    88 | D:1      | HP: 6/12 [goblin (1)]
   239 | D:1      | Slain by a gnoll

Action                   || total
-------------------------++-------
Melee: Unarmed           ||    45
Throw: Javelin           ||     5
 Cast: Corona            ||     1
Armor: Robe              ||    21
Dodge: Dodged            ||    42

Vault maps used:
D:1:      saegor_arrival_simple_d, minmay_tetromino_i4
